Predators vs Avalanche
Created - February 24, 2018 at 22:56
Goals
|
| Predators |
2 |
0 |
3 |
5 |
| Avalanche |
1 |
0 |
1 |
2 |
|
Shots
|
| Predators |
10 |
15 |
7 |
32 |
| Avalanche |
15 |
10 |
6 |
31 |
|
1st period
1. Predators , Niclas Bergfors 19 (Ryan Mcdonagh 21, Alexander Ovechkin 39) at 9:15 (PP)
2. Avalanche , Corey Perry 21 (Bryan Little 40) at 9:19
3. Predators , Ryan Kesler 26 (Alexander Edler 32, Alexander Ovechkin 40) at 18:34
Penalties :
Mikkel Boedker (Col) for Roughing (Minor) at 7:56
2nd period
No Goal
Penalties :
Andrei Kostitsyn (Col) for Holding Stick (Minor) at 11:07, James Van Riemsdyk (Nas) for Tripping (Minor) at 15:55
3rd period
4. Predators , Adam Burish 14 (Andy Miele 16, James Van Riemsdyk 12) at 2:41
5. Predators , Niclas Bergfors 20 (Alexander Ovechkin 41) at 3:34
6. Avalanche , Bryan Little 26 (Jack Johnson 28, Mikkel Boedker 37) at 7:11
7. Predators , Niclas Bergfors 21 (Alexander Ovechkin 42, Alexander Edler 33) at 18:00 (PP)
Penalties :
Niclas Bergfors (Nas) for Slashing (Minor) at 7:16, Andrei Kostitsyn (Col) for Roughing (Minor) at 8:33, Johnny Boychuk (Col) for High sticking (Minor) at 17:46
Goalie Stats
Viktor Fasth (Nas), 29 saves from 31 shots - (0.935), W, 26-17-1, 60:00 minutes
Semyon Varlamov (Col), 27 saves from 32 shots - (0.844), L, 27-16-4, 60:00 minutes
Players Stats for Predators
Player Name G A P +/- PIM S H SB GA TA FO MP PP MP PK MP
------------------------------------------------------------------------------------
Adam Burish 1 0 1 0 0 5 2 0 0 0 0/0 13:52 0:00 1:02
Alexander Edler 0 2 2 2 0 3 2 2 0 1 0/0 26:24 3:29 1:41
Alexander Ovechkin 0 4 4 1 0 2 1 0 1 0 1/3 21:03 2:42 0:51
Alexander Steen 0 0 0 0 0 4 2 0 0 0 0/1 15:21 1:40 0:00
Andy Miele 0 1 1 0 0 1 1 0 0 0 5/11 13:20 0:00 0:30
Barret Jackman 0 0 0 0 0 0 0 0 0 1 0/0 8:16 0:00 0:00
Brett Clark 0 0 0 -1 0 1 1 1 0 1 0/0 10:41 0:00 1:35
Byron Bitz 0 0 0 0 0 0 5 0 0 1 0/0 17:16 1:40 1:55
Chris Lawrence 0 0 0 0 0 0 0 1 0 0 0/0 7:54 0:00 0:00
Dmitri Kalinin 0 0 0 0 0 0 2 1 0 0 0/0 22:55 1:20 0:00
James Van Riemsdyk 0 1 1 0 2 2 0 0 2 0 0/0 13:41 0:28 0:00
John Moore 0 0 0 0 0 2 0 0 0 0 0/0 24:24 1:20 1:35
Justin Abdelkader 0 0 0 0 0 0 2 0 1 0 0/0 8:19 0:07 0:00
Kris Vernarsky 0 0 0 0 0 0 0 0 0 0 2/2 7:54 0:00 0:00
Mikael Granlund 0 0 0 0 0 1 3 0 0 0 2/8 17:02 3:01 0:19
Niclas Bergfors 3 0 3 1 2 4 2 1 0 0 1/1 19:56 3:09 0:00
Ryan Kesler 1 0 1 1 0 6 1 0 0 0 9/25 20:22 1:40 1:55
Ryan Mcdonagh 0 1 1 1 0 1 1 1 0 1 0/0 27:20 3:29 1:41
Players Stats for Avalanche
Player Name G A P +/- PIM S H SB GA TA FO MP PP MP PK MP
------------------------------------------------------------------------------------
Alexander Radulov 0 0 0 -1 0 2 1 0 0 0 1/1 16:01 0:00 0:50
Andrei Kostitsyn 0 0 0 -1 4 2 1 0 2 0 1/1 16:34 1:37 0:00
Andrew Ladd 0 0 0 0 0 4 0 0 0 0 0/1 13:49 0:00 1:41
Brandon Yip 0 0 0 0 0 1 0 0 1 0 0/0 12:08 0:00 0:00
Bryan Little 1 1 2 1 0 4 3 0 1 1 11/18 17:17 1:38 0:10
Chuck Kobasew 0 0 0 -1 0 1 2 0 1 0 0/0 12:11 0:00 2:51
Corey Perry 1 0 1 1 0 2 0 0 0 0 1/1 17:11 1:38 0:04
Jack Johnson 0 1 1 -2 0 2 1 2 0 3 0/0 24:51 1:54 2:06
Jay Bouwmeester 0 0 0 1 0 2 2 0 0 0 0/0 22:26 1:54 0:00
Johnny Boychuk 0 0 0 0 2 1 0 1 0 0 0/0 12:38 0:00 2:26
Kyle Turris 0 0 0 -1 0 0 2 0 0 0 3/3 12:11 0:00 2:51
Marc Staal 0 0 0 -2 0 0 1 2 0 0 0/0 24:41 1:22 2:09
Mark Giordano 0 0 0 0 0 0 0 0 0 0 0/0 10:15 0:00 0:00
Mikkel Boedker 0 1 1 1 2 3 0 1 0 0 0/1 16:24 1:38 0:00
Paul Stastny 0 0 0 0 0 0 0 0 0 0 5/8 13:33 1:38 0:00
Pernell Karl Subban 0 0 0 1 0 3 2 2 0 0 0/0 25:08 1:22 2:57
Ryan Smyth 0 0 0 -1 0 1 2 0 0 0 0/0 10:31 0:00 1:11
Tim Connolly 0 0 0 -1 0 3 2 2 0 0 9/17 16:36 1:38 0:00
3 Stars
1 - Niclas Bergfors (Nas)
2 - Alexander Ovechkin (Nas)
3 - Alexander Edler (Nas)
Power Play
Predators - 2 on 4 Attempt(s) - 50.00%
Avalanche - 0 on 2 Attempt(s) - 0.00%
Penalty Kill
Predators - 2 on 2 Attempt(s) - 100.00%
- Score 0 goal in Penalty Kill
Avalanche - 2 on 4 Attempt(s) - 50.00%
- Score 0 goal in Penalty Kill
Team Stat
Predators - Hits : 25 - Faceoff Wins : 20 - Blocked Shots : 7 - Penalty Minutes : 4
Avalanche - Hits : 19 - Faceoff Wins : 31 - Blocked Shots : 10 - Penalty Minutes : 8
Official
Referees : Furlatt Eric and Rehman Kyle
Linesman : Jonny Murray and Jean Morin
Game Notes
Niclas Bergfors has scored a Hat Trick!
Finance
Level 1 -- Attendance: 6000 (100.00%) -- Ticket Income $534,000
Level 2 -- Attendance: 4645 (92.90%) -- Ticket Income $255,475
Level 3 -- Attendance: 1974 (98.70%) -- Ticket Income $65,142
Level 4 -- Attendance: 3953 (98.83%) -- Ticket Income $90,919
Luxury Box -- Attendance: 791 (79.10%) -- Ticket Income $136,052
Game was played at the Pepsi Center.
Total Attendance: 17363 (96.46%)
Total Ticket Income: $1,081,588
Other Income: $162,238
Total Income: $1,243,826
Predators
5 vs 5 Forward
Center Left Wing Right Wing Time % Phy DF OF
1 Ryan Kesler Alexander Ovechkin Niclas Bergfors 40 1 2 2
2 Mikael Granlund Alexander Steen Byron Bitz 30 1 2 2
3 Andy Miele James Van Riemsdyk Adam Burish 20 2 1 2
4 Kris Vernarsky Justin Abdelkader Chris Lawrence 10 1 2 2
5 vs 5 Defense
Defense Defense Time % Phy DF OF
1 Ryan Mcdonagh Alexander Edler 40 1 2 2
2 John Moore Dmitri Kalinin 30 1 2 2
3 Ryan Mcdonagh Brett Clark 20 1 2 2
4 Barret Jackman Alexander Edler 10 1 2 2
PowerPlay Forward
Center Left Wing Right Wing Time % Phy DF OF
1 Mikael Granlund Alexander Ovechkin Niclas Bergfors 60 0 0 5
2 Ryan Kesler Alexander Steen Byron Bitz 40 0 0 5
PowerPlay Defense
Defense Defense Time % Phy DF OF
1 Ryan Mcdonagh Alexander Edler 60 1 1 3
2 John Moore Dmitri Kalinin 40 0 1 3
Penalty Kill 4 Players Forward
Center Wing Time % Phy DF OF
1 Ryan Kesler Byron Bitz 60 1 2 2
2 Andy Miele Adam Burish 40 1 2 2
Penalty Kill 4 Players Defense
Defense Defense Time % Phy DF OF
1 Ryan Mcdonagh Alexander Edler 60 1 2 2
2 John Moore Brett Clark 40 1 3 1
Penalty Kill - 3 Players Forward
Forward Time % Phy DF OF
1 Byron Bitz 60 1 2 2
2 Adam Burish 40 1 2 2
Penalty Kill - 3 Players Defense
Defense Defense Time % Phy DF OF
1 Ryan Mcdonagh Alexander Edler 60 1 3 1
2 John Moore Brett Clark 40 1 3 1
4 vs 4 Forward
Center Wing Time % Phy DF OF
1 Alexander Ovechkin Niclas Bergfors 60 1 2 2
2 Ryan Kesler Byron Bitz 40 1 2 2
4 vs 4 Defense
Defense Defense Time % Phy DF OF
1 Ryan Mcdonagh Alexander Edler 60 1 2 2
2 John Moore Dmitri Kalinin 40 1 2 2
Last Minutes Offensive
Center Left Wing Right Wing Defense Defense
Ryan Kesler Alexander Ovechkin Niclas Bergfors Ryan Mcdonagh Alexander Edler
Last Minutes Defensive
Center Left Wing Right Wing Defense Defense
Ryan Kesler Adam Burish Byron Bitz Ryan Mcdonagh John Moore
Goaltenders
Starting : Viktor Fasth
Backup : Chad Johnson
Extra Forwards
Normal : James Van Riemsdyk, Justin Abdelkader, Adam Burish - PP : James Van Riemsdyk, Justin Abdelkader - PK : Adam Burish
Extra Defensemen
Normal : Brett Clark, Barret Jackman, Dmitri Kalinin - PP : Brett Clark - PK : Dmitri Kalinin, Ryan Mcdonagh
Penalty Shots
Alexander Ovechkin, Ryan Kesler, Niclas Bergfors, Byron Bitz, Alexander Steen
Scratches
Andrej Meszaros (Healthy)
Avalanche
5 vs 5 Forward
Center Left Wing Right Wing Time % Phy DF OF
1 Bryan Little Mikkel Boedker Corey Perry 30 1 2 2
2 Tim Connolly Andrei Kostitsyn Alexander Radulov 30 1 2 2
3 Paul Stastny Andrew Ladd Brandon Yip 25 1 2 2
4 Kyle Turris Ryan Smyth Chuck Kobasew 15 1 2 2
5 vs 5 Defense
Defense Defense Time % Phy DF OF
1 Jack Johnson Marc Staal 40 1 2 2
2 Pernell Karl Subban Jay Bouwmeester 40 1 2 2
3 Mark Giordano Johnny Boychuk 20 1 2 2
4 Jack Johnson Marc Staal 0 1 2 2
PowerPlay Forward
Center Left Wing Right Wing Time % Phy DF OF
1 Bryan Little Mikkel Boedker Paul Stastny 60 1 2 2
2 Tim Connolly Andrei Kostitsyn Corey Perry 40 1 2 2
PowerPlay Defense
Defense Defense Time % Phy DF OF
1 Jack Johnson Jay Bouwmeester 60 1 2 2
2 Pernell Karl Subban Marc Staal 40 1 2 2
Penalty Kill 4 Players Forward
Center Wing Time % Phy DF OF
1 Kyle Turris Chuck Kobasew 60 1 2 2
2 Andrew Ladd Ryan Smyth 40 1 2 2
Penalty Kill 4 Players Defense
Defense Defense Time % Phy DF OF
1 Pernell Karl Subban Marc Staal 60 1 2 2
2 Jack Johnson Johnny Boychuk 40 1 2 2
Penalty Kill - 3 Players Forward
Forward Time % Phy DF OF
1 Chuck Kobasew 60 1 2 2
2 Ryan Smyth 40 1 2 2
Penalty Kill - 3 Players Defense
Defense Defense Time % Phy DF OF
1 Jack Johnson Marc Staal 60 1 2 2
2 Pernell Karl Subban Johnny Boychuk 40 1 2 2
4 vs 4 Forward
Center Wing Time % Phy DF OF
1 Bryan Little Corey Perry 60 1 2 2
2 Mikkel Boedker Andrei Kostitsyn 40 1 2 2
4 vs 4 Defense
Defense Defense Time % Phy DF OF
1 Jack Johnson Marc Staal 60 1 2 2
2 Pernell Karl Subban Jay Bouwmeester 40 1 2 2
Last Minutes Offensive
Center Left Wing Right Wing Defense Defense
Bryan Little Mikkel Boedker Corey Perry Jack Johnson Marc Staal
Last Minutes Defensive
Center Left Wing Right Wing Defense Defense
Brandon Yip Andrew Ladd Chuck Kobasew Jack Johnson Marc Staal
Goaltenders
Starting : Semyon Varlamov
Backup : Hannu Toivonen
Extra Forwards
Normal : Andrei Kostitsyn, Andrew Ladd, Alexander Radulov - PP : Paul Stastny, Andrew Ladd - PK : Alexander Radulov
Extra Defensemen
Normal : Mark Giordano, Johnny Boychuk, Pernell Karl Subban - PP : Mark Giordano - PK : Johnny Boychuk, Pernell Karl Subban
Penalty Shots
Bryan Little, Corey Perry, Mikkel Boedker, Andrei Kostitsyn, Paul Stastny
Scratches
Mike Comrie (Right Hip Injury)
% Time on Ice - Predators
Lines # - Real PCT - Wanted PCT - Time Play
Normal Forward
1 - 33% - 40% - 16:48
2 - 27% - 30% - 14:01
3 - 24% - 20% - 12:30
4 - 15% - 10% - 7:54
Normal Defense
1 - 28% - 40% - 14:13
2 - 42% - 30% - 21:20
3 - 16% - 20% - 8:27
4 - 14% - 10% - 7:13
PP Forward
1 - 65% - 60% - 3:09
2 - 35% - 40% - 1:40
PP Defense
1 - 72% - 60% - 3:29
2 - 28% - 40% - 1:20
PK Forward
1 - 85% - 60% - 2:46
2 - 15% - 40% - 0:30
PK Defense
1 - 52% - 60% - 1:41
2 - 48% - 40% - 1:35
PK3 Forward
1 - 0% - 60%
2 - 0% - 40%
PK3 Defense
1 - 0% - 60%
2 - 0% - 40%
44 Forward
1 - 100% - 60% - 0:42
2 - 0% - 40% - 0:00
44 Defense
1 - 79% - 60% - 0:33
2 - 21% - 40% - 0:09
Last Minute Offensive - 0:00
Last Minute Defensive - 0:00
Total
Forward - 60:00
Defense - 60:00
|
% Time on Ice - Avalanche
Lines # - Real PCT - Wanted PCT - Time Play
Normal Forward
1 - 29% - 30% - 14:47
2 - 29% - 30% - 14:58
3 - 24% - 25% - 12:08
4 - 18% - 15% - 9:20
Normal Defense
1 - 40% - 40% - 20:16
2 - 41% - 40% - 21:04
3 - 19% - 20% - 9:53
4 - 0% - 0% - 0:00
PP Forward
1 - 50% - 60% - 1:38
2 - 50% - 40% - 1:38
PP Defense
1 - 58% - 60% - 1:54
2 - 42% - 40% - 1:22
PK Forward
1 - 80% - 60% - 3:51
2 - 20% - 40% - 0:58
PK Defense
1 - 58% - 60% - 2:47
2 - 42% - 40% - 2:02
PK3 Forward
1 - 0% - 60%
2 - 0% - 40%
PK3 Defense
1 - 0% - 60%
2 - 0% - 40%
44 Forward
1 - 100% - 60% - 0:42
2 - 0% - 40% - 0:00
44 Defense
1 - 100% - 60% - 0:42
2 - 0% - 40% - 0:00
Last Minute Offensive - 0:00
Last Minute Defensive - 0:00
Total
Forward - 60:00
Defense - 60:00
|
Play by Play
1st period
0:01 of 1st period - Bryan Little wins face-off versus Ryan Kesler in neutral zone.
0:14 of 1st period - Bryan Little is hit by Alexander Ovechkin and loses puck.
0:55 of 1st period - Slapshot by Jack Johnson.
0:55 of 1st period - Stopped by Viktor Fasth with a rebound.
0:57 of 1st period - Slapshot by Marc Staal.
0:57 of 1st period - Shot Blocked by Chris Lawrence.
1:35 of 1st period - Wrist shot by Alexander Ovechkin.
1:35 of 1st period - Shot Blocked by Pernell Karl Subban.
3:26 of 1st period - Jack Johnson is hit by Byron Bitz.
3:46 of 1st period - Pernell Karl Subban is hit by Alexander Edler and loses puck.
4:02 of 1st period - Andrei Kostitsyn is hit by Adam Burish and loses puck.
4:19 of 1st period - Snap shot by Ryan Kesler.
4:19 of 1st period - Stopped by Semyon Varlamov with a rebound.
4:23 of 1st period - Snap shot by Alexander Ovechkin.
4:23 of 1st period - Shot Misses the Net.
4:48 of 1st period - Snap shot by Paul Stastny.
4:48 of 1st period - Shot Misses the Net.
4:58 of 1st period - Johnny Boychuk is hit by Justin Abdelkader and loses puck.
5:07 of 1st period - Snap shot by Kris Vernarsky.
5:07 of 1st period - Shot Misses the Net.
5:28 of 1st period - Dmitri Kalinin is hit by Bryan Little and loses puck.
5:48 of 1st period - Wrist shot by Alexander Ovechkin.
5:48 of 1st period - Stopped by Semyon Varlamov without a rebound.
5:49 of 1st period - Paul Stastny wins face-off versus Ryan Kesler in Avalanche zone.
5:54 of 1st period - Backhand shot by Jay Bouwmeester.
5:54 of 1st period - Stopped by Viktor Fasth with a rebound.
5:56 of 1st period - Snap shot by Jay Bouwmeester.
5:56 of 1st period - Shot Misses the Net.
5:58 of 1st period - Wrist shot by Andrew Ladd.
5:58 of 1st period - Stopped by Viktor Fasth without a rebound.
5:59 of 1st period - Paul Stastny wins face-off versus Ryan Kesler in Predators zone.
6:28 of 1st period - Slapshot by Andrei Kostitsyn.
6:28 of 1st period - Stopped by Viktor Fasth without a rebound.
6:29 of 1st period - Tim Connolly wins face-off versus Alexander Steen in Predators zone.
6:30 of 1st period - Slapshot by Andrei Kostitsyn.
6:30 of 1st period - Stopped by Viktor Fasth without a rebound.
6:31 of 1st period - Tim Connolly wins face-off versus Ryan Kesler in Predators zone.
6:50 of 1st period - Wrist shot by Tim Connolly.
6:50 of 1st period - Stopped by Viktor Fasth with a rebound.
7:10 of 1st period - Snap shot by Adam Burish.
7:10 of 1st period - Stopped by Semyon Varlamov without a rebound.
7:11 of 1st period - Andy Miele wins face-off versus Bryan Little in Avalanche zone.
7:38 of 1st period - John Moore is hit by Marc Staal and loses puck.
7:45 of 1st period - Snap shot by Chuck Kobasew.
7:45 of 1st period - Stopped by Viktor Fasth without a rebound.
7:46 of 1st period - Mikael Granlund wins face-off versus Bryan Little in Predators zone.
7:56 of 1st period - Minor Penalty to Mikkel Boedker for Roughing.
7:57 of 1st period - Kyle Turris wins face-off versus Mikael Granlund in Avalanche zone.
7:57 of 1st period - Kyle Turris is hit by Niclas Bergfors.
8:32 of 1st period - Snap shot by Alexander Ovechkin.
8:32 of 1st period - Shot Blocked by Pernell Karl Subban.
8:46 of 1st period - Marc Staal is hit by Ryan Mcdonagh and loses puck.
9:13 of 1st period - Snap shot by Alexander Ovechkin.
9:13 of 1st period - Shot Misses the Net.
9:15 of 1st period - Snap shot by Ryan Mcdonagh.
9:15 of 1st period - Deflect By Niclas Bergfors.
9:15 of 1st period - Goal by Niclas Bergfors - Predators : 1 - Avalanche : 0.
9:16 of 1st period - Bryan Little wins face-off versus Andy Miele in neutral zone.
9:19 of 1st period - Snap shot by Corey Perry.
9:19 of 1st period - Goal by Corey Perry - Predators : 1 - Avalanche : 1.
9:20 of 1st period - Bryan Little wins face-off versus Andy Miele in neutral zone.
9:49 of 1st period - Wrist shot by Alexander Ovechkin.
9:49 of 1st period - Deflect By Niclas Bergfors.
9:49 of 1st period - Shot Blocked by Jack Johnson.
9:49 of 1st period - Puck is out of play.
9:50 of 1st period - Ryan Kesler wins face-off versus Tim Connolly in Avalanche zone.
10:03 of 1st period - Jay Bouwmeester is hit by Niclas Bergfors.
10:15 of 1st period - Dmitri Kalinin is hit by Pernell Karl Subban and loses puck.
10:26 of 1st period - Slapshot by Alexander Edler.
10:26 of 1st period - Stopped by Semyon Varlamov with a rebound.
11:51 of 1st period - Wrist shot by Andrew Ladd.
11:51 of 1st period - Stopped by Viktor Fasth without a rebound.
11:52 of 1st period - Ryan Kesler wins face-off versus Tim Connolly in Predators zone.
11:57 of 1st period - Snap shot by Alexander Edler.
11:57 of 1st period - Stopped by Semyon Varlamov with a rebound.
12:27 of 1st period - Slapshot by Mikael Granlund.
12:27 of 1st period - Shot Misses the Net.
13:08 of 1st period - Slapshot by James Van Riemsdyk.
13:08 of 1st period - Shot Misses the Net.
13:14 of 1st period - Snap shot by Bryan Little.
13:14 of 1st period - Stopped by Viktor Fasth without a rebound.
13:15 of 1st period - Tim Connolly wins face-off versus Ryan Kesler in Predators zone.
13:20 of 1st period - Snap shot by Alexander Radulov.
13:20 of 1st period - Stopped by Viktor Fasth with a rebound.
14:29 of 1st period - Slapshot by Jack Johnson.
14:29 of 1st period - Stopped by Viktor Fasth with a rebound.
14:31 of 1st period - Wrist shot by Ryan Smyth.
14:31 of 1st period - Stopped by Viktor Fasth with a rebound.
15:28 of 1st period - Dmitri Kalinin is hit by Bryan Little and loses puck.
16:05 of 1st period - Dmitri Kalinin is hit by Jack Johnson and loses puck.
16:24 of 1st period - Ryan Smyth is hit by Byron Bitz and loses puck.
16:34 of 1st period - Icing by Tim Connolly.
16:35 of 1st period - Andy Miele wins face-off versus Tim Connolly in Avalanche zone.
16:50 of 1st period - Snap shot by Alexander Radulov.
16:50 of 1st period - Stopped by Viktor Fasth without a rebound.
16:51 of 1st period - Paul Stastny wins face-off versus Ryan Kesler in Predators zone.
17:21 of 1st period - Snap shot by Byron Bitz.
17:21 of 1st period - Shot Blocked by Tim Connolly.
17:23 of 1st period - Slapshot by Ryan Mcdonagh.
17:23 of 1st period - Stopped by Semyon Varlamov without a rebound.
17:24 of 1st period - Bryan Little wins face-off versus Mikael Granlund in Avalanche zone.
18:00 of 1st period - Slapshot by Pernell Karl Subban.
18:00 of 1st period - Deflect By Alexander Ovechkin.
18:00 of 1st period - Stopped by Viktor Fasth with a rebound.
18:14 of 1st period - Slapshot by Adam Burish.
18:14 of 1st period - Stopped by Semyon Varlamov without a rebound.
18:15 of 1st period - Andy Miele wins face-off versus Mikkel Boedker in Avalanche zone.
18:24 of 1st period - Snap shot by James Van Riemsdyk.
18:24 of 1st period - Deflect By Andy Miele.
18:24 of 1st period - Shot Misses the Net.
18:24 of 1st period - Puck is out of play.
18:25 of 1st period - Ryan Kesler wins face-off versus Bryan Little in Avalanche zone.
18:28 of 1st period - Snap shot by Ryan Kesler.
18:28 of 1st period - Stopped by Semyon Varlamov with a rebound.
18:34 of 1st period - Snap shot by Ryan Kesler.
18:34 of 1st period - Goal by Ryan Kesler - Predators : 2 - Avalanche : 1.
18:35 of 1st period - Ryan Kesler wins face-off versus Andrew Ladd in neutral zone.
18:46 of 1st period - Snap shot by Niclas Bergfors.
18:46 of 1st period - Shot Misses the Net.
19:40 of 1st period - Marc Staal is hit by Dmitri Kalinin and loses puck.
Goals for this period are 2 for Predators vs 1 for Avalanche.
Shots for this period are 10 for Predators vs 15 for Avalanche.
2nd period
0:01 of 2nd period - Ryan Kesler wins face-off versus Tim Connolly in neutral zone.
0:10 of 2nd period - Wrist shot by Ryan Kesler.
0:10 of 2nd period - Stopped by Semyon Varlamov with a rebound.
0:12 of 2nd period - Slapshot by Alexander Edler.
0:12 of 2nd period - Stopped by Semyon Varlamov with a rebound.
0:14 of 2nd period - Wrist shot by Ryan Mcdonagh.
0:14 of 2nd period - Shot Blocked by Tim Connolly.
0:16 of 2nd period - Wrist shot by Ryan Kesler.
0:16 of 2nd period - Stopped by Semyon Varlamov with a rebound.
0:29 of 2nd period - Pernell Karl Subban is hit by Byron Bitz.
0:37 of 2nd period - Off-side.
0:38 of 2nd period - Bryan Little wins face-off versus Ryan Kesler in neutral zone.
0:47 of 2nd period - Snap shot by Mikkel Boedker.
0:47 of 2nd period - Stopped by Viktor Fasth without a rebound.
0:48 of 2nd period - Ryan Kesler wins face-off versus Bryan Little in Predators zone.
1:18 of 2nd period - Slapshot by Alexander Ovechkin.
1:18 of 2nd period - Stopped by Semyon Varlamov with a rebound.
2:30 of 2nd period - Snap shot by Niclas Bergfors.
2:30 of 2nd period - Stopped by Semyon Varlamov with a rebound.
2:57 of 2nd period - Wrist shot by Alexander Ovechkin.
2:57 of 2nd period - Shot Blocked by Jack Johnson.
3:05 of 2nd period - Snap shot by Mikkel Boedker.
3:05 of 2nd period - Stopped by Viktor Fasth with a rebound.
3:07 of 2nd period - Snap shot by Bryan Little.
3:07 of 2nd period - Deflect By Niclas Bergfors.
3:07 of 2nd period - Stopped by Viktor Fasth with a rebound.
3:09 of 2nd period - Snap shot by Bryan Little.
3:09 of 2nd period - Shot Blocked by Dmitri Kalinin.
3:21 of 2nd period - Slapshot by Corey Perry.
3:21 of 2nd period - Stopped by Viktor Fasth without a rebound.
3:22 of 2nd period - Andrei Kostitsyn wins face-off versus Mikael Granlund in Predators zone.
3:47 of 2nd period - Byron Bitz is hit by Kyle Turris and loses puck.
4:23 of 2nd period - Slapshot by Pernell Karl Subban.
4:23 of 2nd period - Deflect By Ryan Mcdonagh.
4:23 of 2nd period - Stopped by Viktor Fasth with a rebound.
4:25 of 2nd period - Snap shot by Chuck Kobasew.
4:25 of 2nd period - Shot Misses the Net.
4:27 of 2nd period - Slapshot by Jay Bouwmeester.
4:27 of 2nd period - Stopped by Viktor Fasth with a rebound.
4:29 of 2nd period - Backhand shot by Ryan Smyth.
4:29 of 2nd period - Shot Misses the Net.
4:31 of 2nd period - Snap shot by Chuck Kobasew.
4:31 of 2nd period - Shot Misses the Net.
4:33 of 2nd period - Slapshot by Pernell Karl Subban.
4:33 of 2nd period - Stopped by Viktor Fasth without a rebound.
4:34 of 2nd period - Paul Stastny wins face-off versus Andy Miele in Predators zone.
4:49 of 2nd period - Snap shot by James Van Riemsdyk.
4:49 of 2nd period - Stopped by Semyon Varlamov with a rebound.
4:56 of 2nd period - Icing by Mark Giordano.
4:57 of 2nd period - Kris Vernarsky wins face-off versus Tim Connolly in Avalanche zone.
5:45 of 2nd period - Barret Jackman is hit by Ryan Smyth and loses puck.
6:35 of 2nd period - Icing by Tim Connolly.
6:36 of 2nd period - Alexander Radulov wins face-off versus Andy Miele in Avalanche zone.
6:58 of 2nd period - Johnny Boychuk is hit by Alexander Steen and loses puck.
7:43 of 2nd period - Snap shot by Alexander Ovechkin.
7:43 of 2nd period - Shot Blocked by Marc Staal.
8:59 of 2nd period - Snap shot by Alexander Ovechkin.
8:59 of 2nd period - Shot Misses the Net.
9:01 of 2nd period - Slapshot by John Moore.
9:01 of 2nd period - Shot Misses the Net.
9:03 of 2nd period - Wrist shot by Ryan Kesler.
9:03 of 2nd period - Stopped by Semyon Varlamov without a rebound.
9:04 of 2nd period - Tim Connolly wins face-off versus Mikael Granlund in Avalanche zone.
9:24 of 2nd period - Alexander Steen is hit by Pernell Karl Subban.
9:44 of 2nd period - Snap shot by Johnny Boychuk.
9:44 of 2nd period - Stopped by Viktor Fasth without a rebound.
9:45 of 2nd period - Andy Miele wins face-off versus Bryan Little in Predators zone.
9:52 of 2nd period - Wrist shot by Adam Burish.
9:52 of 2nd period - Stopped by Semyon Varlamov with a rebound.
9:54 of 2nd period - Wrist shot by Andy Miele.
9:54 of 2nd period - Shot Misses the Net.
9:56 of 2nd period - Wrist shot by Adam Burish.
9:56 of 2nd period - Shot Misses the Net.
9:58 of 2nd period - Snap shot by Adam Burish.
9:58 of 2nd period - Shot Misses the Net.
10:00 of 2nd period - Snap shot by Andy Miele.
10:00 of 2nd period - Stopped by Semyon Varlamov with a rebound.
10:12 of 2nd period - Alexander Steen is hit by Alexander Radulov and loses puck.
10:33 of 2nd period - John Moore is hit by Chuck Kobasew and loses puck.
10:50 of 2nd period - Snap shot by Alexander Steen.
10:50 of 2nd period - Stopped by Semyon Varlamov with a rebound.
10:52 of 2nd period - Slapshot by John Moore.
10:52 of 2nd period - Stopped by Semyon Varlamov with a rebound.
10:54 of 2nd period - Slapshot by John Moore.
10:54 of 2nd period - Deflect By Ryan Smyth.
10:54 of 2nd period - Stopped by Semyon Varlamov with a rebound.
10:56 of 2nd period - Wrist shot by Alexander Steen.
10:56 of 2nd period - Stopped by Semyon Varlamov with a rebound.
10:58 of 2nd period - Snap shot by Alexander Steen.
10:58 of 2nd period - Stopped by Semyon Varlamov without a rebound.
10:59 of 2nd period - Ryan Kesler wins face-off versus Tim Connolly in Avalanche zone.
11:07 of 2nd period - Minor Penalty to Andrei Kostitsyn for Holding Stick.
11:08 of 2nd period - Kyle Turris wins face-off versus Mikael Granlund in Avalanche zone.
11:34 of 2nd period - Kyle Turris is hit by Ryan Kesler and loses puck.
12:15 of 2nd period - Alexander Radulov is hit by Mikael Granlund.
12:25 of 2nd period - Jack Johnson is hit by Alexander Steen and loses puck.
12:46 of 2nd period - Johnny Boychuk is hit by Alexander Edler and loses puck.
13:07 of 2nd period - Penalty to Andrei Kostitsyn is over, Andrei Kostitsyn is back on ice.
13:17 of 2nd period - Snap shot by Bryan Little.
13:17 of 2nd period - Stopped by Viktor Fasth without a rebound.
13:18 of 2nd period - Tim Connolly wins face-off versus Andy Miele in Predators zone.
13:31 of 2nd period - Snap shot by Tim Connolly.
13:31 of 2nd period - Stopped by Viktor Fasth without a rebound.
13:32 of 2nd period - Andy Miele wins face-off versus Paul Stastny in Predators zone.
13:32 of 2nd period - Andy Miele is hit by Jay Bouwmeester.
13:42 of 2nd period - Paul Stastny is hit by Andy Miele and loses puck.
14:26 of 2nd period - Marc Staal is hit by Byron Bitz and loses puck.
14:47 of 2nd period - Snap shot by Justin Abdelkader.
14:47 of 2nd period - Deflect By Kris Vernarsky.
14:47 of 2nd period - Shot Blocked by Marc Staal.
14:47 of 2nd period - Puck is out of play.
14:48 of 2nd period - Paul Stastny wins face-off versus Ryan Kesler in Avalanche zone.
15:38 of 2nd period - James Van Riemsdyk is hit by Bryan Little and loses puck.
15:55 of 2nd period - Minor Penalty to James Van Riemsdyk for Tripping.
15:56 of 2nd period - Bryan Little wins face-off versus Ryan Kesler in Predators zone.
15:57 of 2nd period - Wrist shot by Mikkel Boedker.
15:57 of 2nd period - Shot Misses the Net.
16:23 of 2nd period - Byron Bitz is hit by Andrei Kostitsyn and loses puck.
17:12 of 2nd period - Paul Stastny is hit by Adam Burish and loses puck.
17:55 of 2nd period - Penalty to James Van Riemsdyk is over, James Van Riemsdyk is back on ice.
18:05 of 2nd period - James Van Riemsdyk is hit by Kyle Turris and loses puck.
18:28 of 2nd period - Slapshot by Chris Lawrence.
18:28 of 2nd period - Shot Blocked by Johnny Boychuk.
18:30 of 2nd period - Slapshot by Brett Clark.
18:30 of 2nd period - Stopped by Semyon Varlamov with a rebound.
19:58 of 2nd period - Icing by Jack Johnson.
19:59 of 2nd period - Tim Connolly wins face-off versus Andy Miele in Avalanche zone.
Goals for this period are 0 for Predators vs 0 for Avalanche.
Shots for this period are 15 for Predators vs 10 for Avalanche.
3rd period
0:01 of 3rd period - Ryan Kesler wins face-off versus Tim Connolly in neutral zone.
0:30 of 3rd period - Wrist shot by Alexander Steen.
0:30 of 3rd period - Stopped by Semyon Varlamov without a rebound.
0:31 of 3rd period - Mikael Granlund wins face-off versus Paul Stastny in Avalanche zone.
0:55 of 3rd period - Marc Staal is hit by Mikael Granlund and loses puck.
1:29 of 3rd period - Snap shot by Pernell Karl Subban.
1:29 of 3rd period - Deflect By Andrew Ladd.
1:29 of 3rd period - Stopped by Viktor Fasth without a rebound.
1:30 of 3rd period - Ryan Kesler wins face-off versus Tim Connolly in Predators zone.
1:44 of 3rd period - Icing by Niclas Bergfors.
1:45 of 3rd period - Bryan Little wins face-off versus Alexander Ovechkin in Predators zone.
2:39 of 3rd period - Snap shot by Andy Miele.
2:39 of 3rd period - Shot Misses the Net.
2:41 of 3rd period - Snap shot by Adam Burish.
2:41 of 3rd period - Goal by Adam Burish - Predators : 3 - Avalanche : 1.
2:42 of 3rd period - Tim Connolly wins face-off versus Ryan Kesler in neutral zone.
2:47 of 3rd period - Snap shot by Andrei Kostitsyn.
2:47 of 3rd period - Shot Blocked by Ryan Mcdonagh.
2:49 of 3rd period - Slapshot by Pernell Karl Subban.
2:49 of 3rd period - Shot Misses the Net.
2:51 of 3rd period - Slapshot by Alexander Radulov.
2:51 of 3rd period - Shot Misses the Net.
2:53 of 3rd period - Slapshot by Alexander Radulov.
2:53 of 3rd period - Shot Misses the Net.
2:55 of 3rd period - Snap shot by Andrei Kostitsyn.
2:55 of 3rd period - Shot Misses the Net.
2:57 of 3rd period - Wrist shot by Tim Connolly.
2:57 of 3rd period - Shot Misses the Net.
3:17 of 3rd period - Icing by Jay Bouwmeester.
3:18 of 3rd period - Bryan Little wins face-off versus Ryan Kesler in Avalanche zone.
3:24 of 3rd period - Off-side.
3:25 of 3rd period - Tim Connolly wins face-off versus Ryan Kesler in neutral zone.
3:34 of 3rd period - Snap shot by Niclas Bergfors.
3:34 of 3rd period - Goal by Niclas Bergfors - Predators : 4 - Avalanche : 1.
3:35 of 3rd period - Tim Connolly wins face-off versus Ryan Kesler in neutral zone.
3:42 of 3rd period - Snap shot by Tim Connolly.
3:42 of 3rd period - Shot Misses the Net.
3:44 of 3rd period - Snap shot by Tim Connolly.
3:44 of 3rd period - Stopped by Viktor Fasth with a rebound.
3:49 of 3rd period - Snap shot by Andrei Kostitsyn.
3:49 of 3rd period - Shot Blocked by Alexander Edler.
3:51 of 3rd period - Wrist shot by Tim Connolly.
3:51 of 3rd period - Shot Misses the Net.
4:05 of 3rd period - Wrist shot by Ryan Mcdonagh.
4:05 of 3rd period - Shot Blocked by Mikkel Boedker.
4:51 of 3rd period - Snap shot by Brandon Yip.
4:51 of 3rd period - Shot Misses the Net.
5:46 of 3rd period - Adam Burish is hit by Chuck Kobasew and loses puck.
6:14 of 3rd period - Dmitri Kalinin is hit by Jay Bouwmeester and loses puck.
7:05 of 3rd period - Slapshot by Tim Connolly.
7:05 of 3rd period - Deflect By Alexander Radulov.
7:05 of 3rd period - Shot Misses the Net.
7:05 of 3rd period - Puck is out of play.
7:06 of 3rd period - Corey Perry wins face-off versus Ryan Kesler in Predators zone.
7:09 of 3rd period - Wrist shot by Mikkel Boedker.
7:09 of 3rd period - Stopped by Viktor Fasth with a rebound.
7:11 of 3rd period - Slapshot by Jack Johnson.
7:11 of 3rd period - Deflect By Bryan Little.
7:11 of 3rd period - Goal by Bryan Little - Predators : 4 - Avalanche : 2.
7:12 of 3rd period - Niclas Bergfors wins face-off versus Bryan Little in neutral zone.
7:16 of 3rd period - Minor Penalty to Niclas Bergfors for Slashing.
7:17 of 3rd period - Bryan Little wins face-off versus Ryan Kesler in Predators zone.
8:06 of 3rd period - Pernell Karl Subban is hit by Byron Bitz.
8:24 of 3rd period - Tim Connolly is hit by Brett Clark and loses puck.
8:33 of 3rd period - Minor Penalty to Andrei Kostitsyn for Roughing.
8:34 of 3rd period - Alexander Ovechkin wins face-off versus Bryan Little in Avalanche zone.
8:35 of 3rd period - Snap shot by James Van Riemsdyk.
8:35 of 3rd period - Stopped by Semyon Varlamov without a rebound.
8:36 of 3rd period - Bryan Little wins face-off versus Alexander Ovechkin in Avalanche zone.
8:49 of 3rd period - Wrist shot by Bryan Little.
8:49 of 3rd period - Shot Misses the Net.
9:16 of 3rd period - Penalty to Niclas Bergfors is over, Niclas Bergfors is back on ice.
10:33 of 3rd period - Penalty to Andrei Kostitsyn is over, Andrei Kostitsyn is back on ice.
11:33 of 3rd period - Marc Staal is hit by Justin Abdelkader and loses puck.
12:00 of 3rd period - Bryan Little is hit by Dmitri Kalinin and loses puck.
13:56 of 3rd period - Chris Lawrence is hit by Tim Connolly and loses puck.
14:13 of 3rd period - Niclas Bergfors is hit by Ryan Smyth and loses puck.
14:30 of 3rd period - Backhand shot by Adam Burish.
14:30 of 3rd period - Stopped by Semyon Varlamov with a rebound.
14:48 of 3rd period - Snap shot by Brandon Yip.
14:48 of 3rd period - Stopped by Viktor Fasth with a rebound.
15:05 of 3rd period - Icing by Jack Johnson.
15:06 of 3rd period - Kris Vernarsky wins face-off versus Paul Stastny in Avalanche zone.
17:01 of 3rd period - Chris Lawrence is hit by Tim Connolly and loses puck.
17:12 of 3rd period - Wrist shot by Alexander Radulov.
17:12 of 3rd period - Shot Blocked by Brett Clark.
17:24 of 3rd period - Wrist shot by Andrew Ladd.
17:24 of 3rd period - Stopped by Viktor Fasth with a rebound.
17:46 of 3rd period - Minor Penalty to Johnny Boychuk for High sticking.
17:47 of 3rd period - Kyle Turris wins face-off versus Mikael Granlund in Avalanche zone.
18:00 of 3rd period - Snap shot by Niclas Bergfors.
18:00 of 3rd period - Goal by Niclas Bergfors - Predators : 5 - Avalanche : 2.
18:01 of 3rd period - Bryan Little wins face-off versus Ryan Kesler in neutral zone.
18:08 of 3rd period - Wrist shot by Mikkel Boedker.
18:08 of 3rd period - Shot Blocked by Alexander Edler.
18:10 of 3rd period - Slapshot by Marc Staal.
18:10 of 3rd period - Shot Blocked by Niclas Bergfors.
18:33 of 3rd period - Tim Connolly is hit by Mikael Granlund and loses puck.
19:35 of 3rd period - Wrist shot by Bryan Little.
19:35 of 3rd period - Shot Misses the Net.
19:51 of 3rd period - Snap shot by Mikael Granlund.
19:51 of 3rd period - Stopped by Semyon Varlamov with a rebound.
19:59 of 3rd period - Wrist shot by Tim Connolly.
19:59 of 3rd period - Shot Misses the Net.
Goals for this period are 3 for Predators vs 1 for Avalanche.
Shots for this period are 7 for Predators vs 6 for Avalanche.
Back to the Top